 Dungeon Crawl Stone Soup version 0.27-a0-1036-g8e1b44f6bd (webtiles) character file.

Game seed: 13210099150367085520

8936 tilp the Party-goer (level 11, 0/55 (56) HPs)
             Began as a Vine Stalker Brigand on Apr 18, 2021.
             Was a Believer of Uskayaw.
             Slain by a yak (6 damage)
             ... on level 11 of the Dungeon.
             The game lasted 00:20:53 (10964 turns).

tilp the Party-goer (Vine Stalker Brigand)         Turns: 10964, Time: 00:20:53

HP:   0/55 (56)     AC: 14    Str: 11    XL:     11   Next: 38%
MP:   0/28          EV:  6    Int: 15    God:    Uskayaw [**....]
Gold: 667           SH:  7    Dex: 19    Spells: 10/10 levels left

rFire    . . .     SeeInvis +   a - +2 dagger
rCold    . . .     Faith    +   F - +0 kite shield
rNeg     + . .     Spirit   +   m - +0 scale mail
rPois    +         Reflect  .   j - +0 helmet
rElec    .         Harm     .   c - +1 cloak
rCorr    .         Rampage  .   q - +2 pair of gloves
Will     +....                  i - +1 pair of boots
Stlth    +++.......             p - amulet of faith
HPRegen  1.18/turn              f - ring of magical power
MPRegen  0.21/turn              r - ring "Ziam" {rPois rN+ Str-3 Int+4 SInv}

@: about to teleport, studying Invocations, lightly drained
A: fangs 3, regeneration 1, magic shield, antimagic bite, no potion heal 2
a: Renounce Religion, Stomp, Line Pass


You were on level 11 of the Dungeon.
You worshipped Uskayaw.
Uskayaw was aware of your devotion.
You visited 2 branches of the dungeon, and saw 12 of its levels.

You collected 667 gold pieces.

Inventory:

Hand Weapons
 a - a +2 dagger (weapon)
 b - the +3 long sword "Keporphotyli" {elec, rC++}
   (You found it on level 10 of the Dungeon)

   Occasionally, upon striking a foe, it can discharge electrical energy and
   cause terrible harm.
   It greatly protects you from cold.
 G - a +0 dagger of chaos
Missiles
 d - 119 poisoned darts (quivered)
 g - 8 boomerangs
 o - 7 curare-tipped darts {!f}
Armour
 c - a +1 cloak (worn)
 e - a +0 chain mail
 i - a +1 pair of boots (worn)
 j - a +0 helmet (worn)
 m - a +0 scale mail (worn)
 q - a +2 pair of gloves (worn)
 y - a scarf of resistance
 F - a +0 kite shield (worn)
Jewellery
 f - a ring of magical power (left hand)
 l - a ring of protection from fire
 p - an amulet of faith (around neck)
 r - the ring "Ziam" (right hand) {rPois rN+ Str-3 Int+4 SInv}
   (You acquired it on level 8 of the Dungeon)

   [ring of poison resistance]

   It affects your strength (-3).
   It affects your intelligence (+4).
   It protects you from poison.
   It protects you from negative energy.
   It lets you see invisible.
 w - a +6 ring of strength
 J - an amulet of regeneration
Wands
 s - a wand of mindburst (9)
 t - a wand of flame (20)
 z - a wand of paralysis (13)
 B - a wand of iceblast (33)
 I - a wand of charming (9)
Scrolls
 h - 6 scrolls of teleportation
 k - 5 scrolls of identify
 n - a scroll of vulnerability
 v - a scroll of silence
 A - a scroll of fog
Potions
 u - 3 potions of curing
 x - a potion of lignification
 C - a potion of haste
 D - a potion of mutation
 E - 2 potions of attraction
 H - 2 potions of flight


   Skills:
 + Level 6.0 Fighting
 - Level 10.0 Short Blades
 - Level 1.7 Throwing
 + Level 0.0 Armour
 + Level 2.0 Dodging
 - Level 10.0 Stealth
 + Level 0.0 Shields
 - Level 10.0 Invocations
 - Level 4.0 Evocations


You had 10 spell levels left.
You didn't know any spells.
Your spell library contained the following spells:

 Spells                   Type           Power      Damage    Failure   Level
 Corona                   Hex            0%         N/A       100%        1
 Foxfire                  Conj/Fire      0%         2x1d4     100%        1
 Magic Dart               Conj           0%         1d3       100%        1
 Shock                    Conj/Air       0%         1d3       100%        1
 Sting                    Tmut/Pois      0%         1d3       100%        1
 Ensorcelled Hibernation  Hex/Ice        0%         N/A       100%        2
 Poisonous Vapours        Pois/Air       0%         N/A       100%        2
 Searing Ray              Conj           0%         3d3       100%        2
 Static Discharge         Conj/Air       0%         N/A       100%        2
 Confusing Touch          Hex            0%         N/A       100%        3
 Conjure Flame            Conj/Fire      0%         6-21      100%        3
 Dazzling Flash           Conj/Hex       0%         N/A       100%        3
 Ignite Poison            Fire/Tmut/Pois 0%         N/A       100%        3
 Inner Flame              Hex/Fire       0%         N/A       100%        3
 Mephitic Cloud           Conj/Pois/Air  0%         N/A       100%        3
 Swiftness                Air            0%         N/A       100%        3
 Tukima's Dance           Hex            0%         N/A       100%        3
 Airstrike                Air            0%         N/A       100%        4
 Fulminant Prism          Conj/Hex       0%         3d6       100%        4
 Ice Form                 Ice/Tmut       0%         N/A       100%        4
 Iskenderun's Mystic Bla  Conj/Tloc      0%         2d3       100%        4
 Olgreb's Toxic Radiance  Pois           0%         N/A       100%        4
 Sticky Flame             Conj/Fire      0%         2d3       100%        4
 Summon Ice Beast         Ice/Summ       0%         N/A       100%        4
 Fireball                 Conj/Fire      0%         3d3       100%        5
 Lightning Bolt           Conj/Air       0%         1d11      100%        5
 Freezing Cloud           Conj/Ice/Air   0%         6-21      100%        6
 Simulacrum               Ice/Necr       0%         N/A       100%        6
 Ozocubu's Refrigeration  Ice            0%         4d5       100%        7


Dungeon Overview and Level Annotations

Branches:
Dungeon (11/15)            Temple (1/1) D:4            Lair (0/6) D:11
    Orc (0/2) D:11

Altars:
Ashenzari
Cheibriados
Dithmenos
Elyvilon
Fedhas
Gozag
Hepliaklqana
Kikubaaqudgha
Makhleb
Nemelex Xobeh
Okawaru
Qazlal
Ru
Sif Muna
Trog
Uskayaw
Vehumet
Wu Jian
Xom
Yredelemnul
Zin
The Shining One
Jiyva

Shops:
D:11 *

Annotations:
D:8 1 runed translucent door, Amon001's ghost, novice TrBe
D:10 3 runed translucent doors, emiel's ghost, journeyman FoWn


Innate Abilities, Weirdness & Mutations

You have razor-sharp teeth.
Your natural rate of healing is unusually fast.
When hurt, damage is shared between your health and your magic reserves.
Your bite disrupts and absorbs the magic of your enemies.
Potions cannot restore your health.


Message History

Unknown command.
You hit the wyvern but do no damage. Your bite misses the wyvern.
The wyvern is lightly wounded.
The water moccasin bites you. The wyvern bites you!
The water moccasin bites you. The yak gores you but does no damage.
Unknown command.
You hit the wyvern but do no damage. Your bite misses the wyvern.
The wyvern is lightly wounded.
The wyvern bites you. The yak gores you but does no damage.
You block the water moccasin's attack.
Unknown command.
You hit the wyvern but do no damage. You bite the wyvern. You drain its power.
You feel invigorated.
The wyvern is lightly wounded.
The wyvern bites you. The yak gores you! The yak completely misses you.
You block the water moccasin's attack.
The wyvern bites you but does no damage.
Unknown command.
You stomp with the beat, sending a shockwave through the revellers around you!
The yak is heavily wounded. x2
The water moccasin is severely wounded.
The wyvern is heavily wounded.
You can no longer stomp with the beat.
The water moccasin barely misses you. The yak barely misses you.
The wyvern bites you!
* * * LOW HITPOINT WARNING * * *
The yak gores you!
* * * LOW HITPOINT WARNING * * *
You can now stomp with the beat.
You can now pass through a line of other dancers.
Unknown command.
Unknown command.
Unknown command.
As you read the scroll of teleportation, it crumbles to dust.
You feel strangely unstable.
The water moccasin bites you but does no damage.
The wyvern bites you!
* * * LOW HITPOINT WARNING * * *
The yak gores you!
You die...

....... ....♣..
....... .......
.......... l...♣.>Y.
##♣S........ #####
#Y@YY.♣♣.... #...###
#l#♣D....... ..8.'.##
#l#.....P... #...#..#
###S##S.....P.
'####..#
###..x..x.P...PP ##
#..####..............♣
#
#..'....#....^........
##
#).######.......######
'####..# #.......#


You could see 3 yaks, an unseen horror (invisible), a basilisk, 2 water
moccasins, 2 wyverns and an acid dragon.

Vanquished Creatures
  A two-headed ogre (D:8)
  Psyche (D:10)
  5 trolls
  Grinder (D:3)
  Prince Ribbit (D:5)
  3 wyverns
  2 wraiths
  5 yaks (D:9)
  A steam dragon (D:10)
  Edmund (D:5)
  A water moccasin (D:9)
  6 orc warriors
  A sky beast (D:6)
  A necrophage (D:6)
  2 ogres
  3 centaurs
  A phantom (D:3)
  2 kobold brigands
  A bullfrog (D:8)
  A wyvern zombie (D:7)
  3 scorpions
  2 gnoll sergeants
  12 wights
  5 killer bees (D:8)
  A crimson imp (D:9)
  7 centaur zombies
  3 bullfrog skeletons
  5 hounds
  A jelly (D:8)
  Crazy Yiuf (D:3)
  8 orc priests
  3 centaur skeletons
  5 iguanas
  7 orc wizards
  Natasha (thrice) (D:3)
  A hound skeleton (D:4)
  8 gnolls
  13 adders
  A shadow imp (D:6)
  A white imp (D:6)
  An ufetubus (D:4)
  6 worms
  3 dart slugs
  42 orcs
  9 endoplasms
  3 giant cockroaches
  13 goblins
  4 hobgoblins
  14 jackals
  4 quokkas
  7 ball pythons
  7 bats
  3 frilled lizards
  12 kobolds
  A quokka skeleton (D:4)
  10 rats
269 creatures vanquished.

Vanquished Creatures (others)
  9 fungi (D:11)
  31 plants
40 creatures vanquished.

Grand Total: 309 creatures vanquished

Notes
Turn   | Place    | Note
-------+----------+-------------------------------------------
     0 | D:1      | tilp the Vine Stalker Brigand began the quest for the Orb.
     0 | D:1      | Reached XP level 1. HP: 11/11 MP: 2/2
   392 | D:1      | Reached XP level 2. HP: 15/15 MP: 3/3
   482 | D:1      | Found a faded altar of an unknown god.
  1062 | D:1      | Reached XP level 3. HP: 19/19 MP: 4/4
  1487 | D:2      | Gained mutation: Your natural rate of healing is unusually
                  | fast. [Vine Stalker growth]
  1487 | D:2      | Reached XP level 4. HP: 21/23 MP: 5/5
  2078 | D:2      | Reached XP level 5. HP: 28/28 MP: 6/6
  2464 | D:3      | Found a broken altar of Ashenzari.
  2476 | D:3      | Found a blossoming altar of Fedhas.
  2476 | D:3      | Noticed Natasha
  2499 | D:3      | Killed Natasha
  2545 | D:3      | Reached XP level 6. HP: 33/33 MP: 7/7
  2555 | D:3      | Reached skill level 1 in Dodging
  2558 | D:3      | Reached skill level 5 in Stealth
  2668 | D:3      | Noticed Grinder
  2683 | D:3      | Paralysed by Grinder for 5 turns
  2713 | D:3      | Killed Grinder
  2714 | D:3      | Reached XP level 7. HP: 37/37 MP: 8/8
  2866 | D:3      | Noticed Natasha
  2894 | D:3      | Killed Natasha
  2993 | D:3      | You fall into a shaft and drop 2 floors!
  2993 | D:5      | Entered Level 5 of the Dungeon
  2998 | D:5      | Noticed Edmund
  3017 | D:5      | Killed Edmund
  3018 | D:5      | Reached skill level 5 in Short Blades
  3226 | D:4      | Found a sacrificial altar of Ru.
  3301 | D:3      | Noticed Natasha
  3311 | D:3      | Killed Natasha
  3357 | D:3      | Found a runed translucent door.
  3358 | D:3      | Noticed Crazy Yiuf
  3736 | D:3      | Killed Crazy Yiuf
  3948 | D:3      | Gained mutation: You have razor-sharp teeth. [Vine Stalker
                  | growth]
  3948 | D:3      | Reached XP level 8. HP: 42/42 MP: 9/9
  4060 | D:4      | Found a staircase to the Ecumenical Temple.
  4070 | Temple   | Entered the Ecumenical Temple
  4256 | Temple   | Became a worshipper of Uskayaw the Reveller
  4277 | D:4      | Reached * piety under Uskayaw
  4285 | D:4      | Reached ** piety under Uskayaw
  4840 | D:5      | Reached skill level 5 in Fighting
  4988 | D:5      | Found an iron altar of Okawaru.
  5061 | D:5      | Noticed Prince Ribbit
  5067 | D:5      | Killed Prince Ribbit
  5233 | D:5      | Noticed a moth of wrath
  5236 | D:5      | Found a bloodstained altar of Trog.
  5254 | D:5      | Reached *** piety under Uskayaw
  5340 | D:5      | Found a glowing golden altar of the Shining One.
  5340 | D:5      | Found an opulent altar of Gozag.
  5634 | D:6      | Reached XP level 9. HP: 48/48 MP: 10/10
  5637 | D:6      | Reached **** piety under Uskayaw
  5646 | D:6      | Reached ***** piety under Uskayaw
  5655 | D:6      | Reached ****** piety under Uskayaw
  6062 | D:6      | Found a white marble altar of Elyvilon.
  6511 | D:7      | Found a basalt altar of Yredelemnul.
  6743 | D:7      | Reached skill level 1 in Evocations
  6797 | D:7      | Found a sparkling altar of Nemelex Xobeh.
  6921 | D:7      | Reached skill level 5 in Invocations
  7647 | D:8      | Reached XP level 10. HP: 53/53 MP: 15/15
  7826 | D:8      | Found a runed translucent door.
  7833 | D:8      | Noticed Amon001's ghost (novice TrBe)
  8349 | D:8      | Identified a scroll of acquirement
  8349 | D:8      | Acquired the ring "Ziam" {rPois rN+ Str-3 Int+4 SInv}
  8401 | D:9      | Noticed a two-headed ogre
  8528 | D:9      | Acquired a manual of Invocations
  8802 | D:9      | HP: 2/53 [orc warrior/+0 short sword (4)]
  9142 | D:8      | Killed a two-headed ogre
  9569 | D:9      | Reached skill level 10 in Invocations
  9656 | D:9      | Reached XP level 11. HP: 56/56 MP: 19/19
  9718 | D:9      | Found a radiant altar of Vehumet.
  9719 | D:9      | Found a burning altar of Makhleb.
  9825 | D:10     | Entered Level 10 of the Dungeon
  9884 | D:10     | Noticed Psyche
  9908 | D:10     | Killed Psyche
 10141 | D:10     | Found a runed translucent gate.
 10141 | D:10     | Found a runed translucent gate.
 10141 | D:10     | Found a runed translucent gate.
 10256 | D:10     | Noticed emiel's ghost (journeyman FoWn)
 10331 | D:10     | Identified the +3 long sword "Keporphotyli" {elec, rC++}
 10527 | D:10     | Found a glowing silver altar of Zin.
 10528 | D:10     | Noticed an angel
 10665 | D:10     | Found a viscous altar of Jiyva.
 10692 | D:11     | Found Dimaim's General Store.
 10695 | D:11     | Reached skill level 10 in Stealth
 10770 | D:11     | Found a staircase to the Orcish Mines.
 10773 | D:11     | Identified the +6 whip of the World {vorpal, Dex+3}
 10894 | D:11     | Reached skill level 10 in Short Blades
 10943 | D:11     | Found a staircase to the Lair.
 10964 | D:11     | Slain by a yak

Illustrated notes

Levels and vault maps discovered:
D:1:      lemuel_arrival_lava_pool, layout_basic,
          chequers_ecumenical_altar_simple_redux, minmay_tromino_v4_a
D:2:      layout_loops_ring, serial_forest, infiniplex_forest_clump_double,
          infiniplex_forest_split, infiniplex_forest_clump_curved,
          infiniplex_forest_straight_2, infiniplex_forest_lined_3,
          infiniplex_forest_clump_tiny, infiniplex_forest_clump_medium,
          minmay_indecisive_spiral
D:3:      kb_forest_paths, layout_rooms,
          chequers_temple_overflow_statue_of_worship, minmay_checkerbox,
          uniq_crazy_yiuf_cottage, uniq_natasha, uniq_grinder
D:4:      minmay_angry_zag, layout_cave_pools,
          nicolae_ru_great_annihilating_truth, minmay_temple_entry_junction_2
D:5:      layout_loops_ring, tgw_trog, nicolae_overflow_crystal_walls,
          jmf_multi_god_temple, minmay_misc_feat_pillars, uniq_prince_ribbit1,
          uniq_edmund
D:6:      layout_loops_ring, elyvilon_altar_3, kennysheep_boxes
D:7:      layout_basic, nemelex_dance_club_becter, kennysheep_mini,
          grunt_decor_fettered
D:8:      layout_loops_ring, ebering_ghost_reflecting_pool, minmay_crystal_room
D:9:      layout_basic, grunt_temple_overflow_lords_of_destruction
D:10:     layout_big_octagon, zin_angel, gammafunk_ghost_endoplasm,
          kennysheep_generic_room_3, uniq_psyche
D:11:     layout_roguey [special_room_orc], minmay_lair_entry_grove,
          hiddenorc2_lemuel, serial_shops, shop
Temple:   compressed_dpeg_triangle_lava_temple

Skill      XL: |  1  2  3  4  5  6  7  8  9 10 11 |
---------------+----------------------------------+-----
Fighting       | 2 3 4 6 |  6.0
Short Blades   | 2 3 4 6 7 8 9 10 | 10.0
Dodging        | 2 |  2.0
Stealth        | 5 6 8 10 | 10.0
Invocations    | 6 10 | 10.0
Evocations     | 4 |  4.0
Throwing       | |  1.7

Action                   |  1- 3 |  4- 6 |  7- 9 | 10-12 || total
-------------------------+-------+-------+-------+-------++-------
Melee: Dagger            |    80 |   223 |   506 |   492 ||  1301
       Bite              |    11 |    64 |   204 |   188 ||   467
       Long sword        |       |       |       |     6 ||     6
Throw: Dart              |     6 |    15 |    22 |    21 ||    64
Invok: Line Pass         |       |       |       |     2 ||     2
       Stomp             |       |       |       |     1 ||     1
Evoke: Wand              |       |       |     2 |     4 ||     6
  Use: Scroll            |       |     4 |     7 |     9 ||    20
       Potion            |       |       |     1 |       ||     1
 Stab: Sleeping          |     7 |     2 |    11 |     9 ||    29
       Paralysed         |       |       |    12 |    22 ||    34
       Confused          |       |       |       |     1 ||     1
Armor: Robe              |    16 |     3 |       |       ||    19
       Scale mail        |       |    84 |   155 |   218 ||   457
Dodge: Dodged            |    38 |    73 |   170 |   118 ||   399
Block: Kite shield       |       |       |       |   133 ||   133
       Buckler           |       |       |       |    15 ||    15

Table legend: (Time is in decaauts)
 A = Elapsed time spent in this place.
 B = Non-inter-level travel time spent in this place.
 C = Inter-level travel time spent in this place.
 D = Time resting spent in this place.
 E = Time spent auto-exploring this place.
 F = Levels seen in this place.
 G = Mean time per level.
                   A        B        C        D        E       F      G
               +--------+--------+--------+--------+--------+-----+--------+
         Total |  10664 |  10298 |    366 |   1276 |   6602 |  12 |  888.7 |
       Dungeon |  10470 |  10135 |    335 |   1276 |   6441 |  11 |  951.8 |
        Temple |    193 |    162 |     31 |      0 |    161 |   1 |  193.0 |
               +--------+--------+--------+--------+--------+-----+--------+

Top non-repeatable levels by time:
     D:1: 1412 daAuts
     D:9: 1189 daAuts
     D:8: 1178 daAuts
     D:3: 1064 daAuts
     D:7: 1012 daAuts
     D:5: 1007 daAuts
     D:6: 985 daAuts
     D:2: 963 daAuts
     D:4: 712 daAuts
    D:10: 678 daAuts
    D:11: 267 daAuts
  Temple: 193 daAuts
